| TOP OF THE 1ST |
|
Detroit Red Wings batting - Pitching for Niagara Falls Phantoms : RHP Javy Gonzalez
|
|
Pitching: RHP Javy Gonzalez
|
|
|
Batting: LHB Duda Pinho
|
0-0: Ground out 3-1 (Groundball, 34, EV 104.4 MPH)
|
|
Batting: RHB Felipe Torres
|
0-0: Called Strike 0-1: Swinging Strike 0-2: Ball 1-2: Ball 2-2: Foul Ball, location: 2F 2-2: Strikes out swinging
|
|
Batting: RHB António Scarlett
|
0-0: Foul Ball, location: 2F 0-1: Foul Ball, location: 2F 0-2: Ground out 6-3 (Groundball, 6, EV 101.9 MPH)
|
| Top of the 1st over - 0 runs, 0 hits, 0 errors, 0 left on base; Detroit 0 - Niagara Falls 0 |
| BOTTOM OF THE 1ST |
|
Niagara Falls Phantoms batting - Pitching for Detroit Red Wings : LHP Ricky Herrera
|
|
Pitching: LHP Ricky Herrera
|
|
|
Batting: RHB Alfredo Mendez
|
0-0: SINGLE (Line Drive, 6MD, EV 94.4 MPH)
|
|
Batting: LHB Pete Cook
|
0-0: Swinging Strike 0-1: Ball 1-1: Swinging Strike 1-2: Ball 2-2: Ball 3-2: Foul Ball, location: 2F 3-2: Strikes out swinging
|
|
Batting: RHB Peter Frankel
|
0-0: Called Strike 0-1: Hit by Pitch Alfredo Mendez to second
|
|
Batting: RHB Chris Horton
|
0-0: Foul Ball, location: 2F 0-1: Foul Ball, location: 2F 0-2: Ball 1-2: Strikes out swinging
|
|
Batting: SHB Bruce Shelton
|
0-0: Fly out, F7 (Flyball, 7, EV 81.9 MPH)
|
| Bottom of the 1st over - 0 runs, 1 hit, 0 errors, 2 left on base; Detroit 0 - Niagara Falls 0 |
| TOP OF THE 2ND |
|
Detroit Red Wings batting - Pitching for Niagara Falls Phantoms : RHP Javy Gonzalez
|
|
Batting: SHB Bill Casal
|
0-0: Foul Ball, location: 2F 0-1: Foul Ball, location: 2F 0-2: Ball 1-2: Foul Ball, location: 2F 1-2: Ball 2-2: Ball 3-2: Foul Ball, location: 2F 3-2: Foul Ball, location: 2F 3-2: SOLO HOME RUN (Flyball, 9LD, EV 92.5 MPH), Distance : 326 ft
|
|
Batting: RHB Harry Tugnut
|
0-0: Ball 1-0: Called Strike 1-1: Foul Ball, location: 2F 1-2: Ball 2-2: Ball 3-2: Strikes out swinging
|
|
Batting: RHB Carlos Avila
|
0-0: Called Strike 0-1: Swinging Strike 0-2: Foul Ball, location: 2F 0-2: Strikes out swinging
|
|
Batting: RHB Jason LeBlanc
|
0-0: Ball 1-0: Ball 2-0: Ball 3-0: Base on Balls
|
|
Batting: RHB Mark Massey
|
0-0: Swinging Strike 0-1: Foul Ball, location: 2F 0-2: Foul Ball, location: 2F 0-2: Hit by Pitch Jason LeBlanc to second
|
|
Batting: LHB Manny Rangel
|
0-0: Foul Ball, location: 2F 0-1: Foul Ball, location: 2F 0-2: Strikes out swinging
|
| Top of the 2nd over - 1 run, 1 hit, 0 errors, 2 left on base; Detroit 1 - Niagara Falls 0 |
| BOTTOM OF THE 2ND |
|
Niagara Falls Phantoms batting - Pitching for Detroit Red Wings : LHP Ricky Herrera
|
|
Batting: LHB Tim Ellenberger
|
0-0: Called Strike 0-1: Ball 1-1: Fly out, F8 (Flyball, 89S, EV 87.5 MPH)
|
|
Batting: RHB Danny Carrick
|
0-0: Swinging Strike 0-1: Called Strike 0-2: Fly out, F7 (Flyball, 78S, EV 96.9 MPH)
|
|
Batting: RHB Randy Joyce
|
0-0: Foul Ball, location: 2F 0-1: Called Strike 0-2: Ball 1-2: Ball 2-2: Strikes out swinging
|
| Bottom of the 2nd over - 0 runs, 0 hits, 0 errors, 0 left on base; Detroit 1 - Niagara Falls 0 |
| TOP OF THE 3RD |
|
Detroit Red Wings batting - Pitching for Niagara Falls Phantoms : RHP Javy Gonzalez
|
|
Batting: LHB Duda Pinho
|
0-0: Called Strike 0-1: Called Strike 0-2: Foul Ball, location: 2F 0-2: Foul Ball, location: 2F 0-2: Ball 1-2: Strikes out swinging
|
|
Batting: RHB Felipe Torres
|
0-0: Called Strike 0-1: Ball 1-1: Ball 2-1: Ground out 4-3 (Groundball, 4M, EV 97.5 MPH)
|
|
Batting: RHB António Scarlett
|
0-0: Ball 1-0: Ground out 6-3 (Groundball, 6, EV 95.0 MPH)
|
| Top of the 3rd over - 0 runs, 0 hits, 0 errors, 0 left on base; Detroit 1 - Niagara Falls 0 |
| BOTTOM OF THE 3RD |
|
Niagara Falls Phantoms batting - Pitching for Detroit Red Wings : LHP Ricky Herrera
|
|
Batting: RHB Donald DeLisio
|
0-0: Foul Ball, location: 2F 0-1: Ball 1-1: Foul Ball, location: 2F 1-2: Ball 2-2: Strikes out swinging
|
|
Batting: RHB Alfredo Mendez
|
0-0: Called Strike 0-1: Foul Ball, location: 2F 0-2: Reached on error, E6 (Groundball, 6, EV 88.8 MPH)
|
|
Batting: LHB Pete Cook
|
0-0: Foul Ball, location: 2F 0-1: Foul Ball, location: 2F 0-2: Strikes out looking Alfredo Mendez steals 2nd, throwing error, E2 Alfredo Mendez to third
|
|
Batting: RHB Peter Frankel
|
0-0: Called Strike 0-1: Called Strike 0-2: Foul Ball, location: 2F 0-2: Ball 1-2: Strikes out looking
|
| Bottom of the 3rd over - 0 runs, 0 hits, 2 errors, 1 left on base; Detroit 1 - Niagara Falls 0 |
| TOP OF THE 4TH |
|
Detroit Red Wings batting - Pitching for Niagara Falls Phantoms : RHP Javy Gonzalez
|
|
Batting: SHB Bill Casal
|
0-0: Hit by Pitch
|
|
Batting: RHB Harry Tugnut
|
0-0: Called Strike 0-1: Ball 1-1: Called Strike 1-2: Strikes out looking
|
|
Batting: RHB Carlos Avila
|
0-0: Foul Ball, location: 2F 0-1: Ball 1-1: Called Strike 1-2: Strikes out looking
|
|
Batting: RHB Jason LeBlanc
|
0-0: Ball 1-0: Called Strike 1-1: Ball 2-1: Foul Ball, location: 2F 2-2: Ball 3-2: Foul Ball, location: 2F 3-2: Base on Balls Bill Casal to second
|
|
Batting: RHB Mark Massey
|
0-0: Ball 1-0: Ball 2-0: Ball 3-0: Base on Balls Bill Casal to third Jason LeBlanc to second
|
|
Batting: LHB Manny Rangel
|
0-0: Ball 1-0: Foul Ball, location: 2F 1-1: DOUBLE (Line Drive, 7LD, EV 93.8 MPH) Bill Casal scores Jason LeBlanc scores Mark Massey to third Throwing error, E7 Mark Massey scores Manny Rangel to third
|
|
Batting: LHB Duda Pinho
|
0-0: Called Strike 0-1: Foul Ball, location: 2F 0-2: Ball 1-2: Foul Ball, location: 2F 1-2: Ball 2-2: Foul Ball, location: 2F 2-2: Fly out, F6 (Popup, 6, EV 75.0 MPH)
|
| Top of the 4th over - 3 runs, 1 hit, 1 error, 1 left on base; Detroit 4 - Niagara Falls 0 |
| BOTTOM OF THE 4TH |
|
Niagara Falls Phantoms batting - Pitching for Detroit Red Wings : LHP Ricky Herrera
|
|
Batting: RHB Chris Horton
|
0-0: Ball 1-0: Foul Ball, location: 2F 1-1: Ball 2-1: SINGLE (Groundball, 23, EV 75.0 MPH) (infield hit)
|
|
Batting: SHB Bruce Shelton
|
0-0: Foul Ball, location: 2F 0-1: Ball 1-1: Swinging Strike 1-2: Ball 2-2: Ball 3-2: Strikes out swinging
|
|
Batting: LHB Tim Ellenberger
|
0-0: Swinging Strike 0-1: Ball 1-1: Foul Ball, location: 2F 1-2: Foul Ball, location: 2F 1-2: Fielders Choice at 2nd, 6-4 (Groundball, 56, EV 100.0 MPH)
|
|
Batting: RHB Danny Carrick
|
0-0: Fly out, F4 (Popup, 4MD, EV 56.2 MPH)
|
| Bottom of the 4th over - 0 runs, 1 hit, 0 errors, 1 left on base; Detroit 4 - Niagara Falls 0 |
| TOP OF THE 5TH |
|
Detroit Red Wings batting - Pitching for Niagara Falls Phantoms : RHP Javy Gonzalez
|
|
Batting: RHB Felipe Torres
|
0-0: Ball 1-0: Called Strike 1-1: Foul Ball, location: 2F 1-2: Ball 2-2: Strikes out swinging
|
|
Batting: RHB António Scarlett
|
0-0: Ball 1-0: Called Strike 1-1: SINGLE (Line Drive, 6D, EV 103.1 MPH)
|
|
Batting: SHB Bill Casal
|
0-0: Foul Ball, location: 2F 0-1: Called Strike 0-2: Foul Ball, location: 2F 0-2: Hit by Pitch António Scarlett to second
|
|
Batting: RHB Harry Tugnut
|
0-0: Called Strike 0-1: Foul Ball, location: 2F 0-2: Strikes out looking
|
|
Batting: RHB Carlos Avila
|
0-0: Called Strike 0-1: Ball Balk! António Scarlett to third Bill Casal to second 1-1: Ball 2-1: Ball 3-1: Foul Ball, location: 2F 3-2: Base on Balls
|
|
Batting: RHB Jason LeBlanc
|
0-0: Called Strike 0-1: Swinging Strike 0-2: Strikes out looking
|
| Top of the 5th over - 0 runs, 1 hit, 0 errors, 3 left on base; Detroit 4 - Niagara Falls 0 |
| BOTTOM OF THE 5TH |
|
Niagara Falls Phantoms batting - Pitching for Detroit Red Wings : LHP Ricky Herrera
|
|
Batting: RHB Randy Joyce
|
0-0: Swinging Strike 0-1: Foul Ball, location: 2F 0-2: Strikes out swinging
|
|
Batting: RHB Donald DeLisio
|
0-0: Ball 1-0: Ball 2-0: Ball 3-0: Called Strike 3-1: Called Strike 3-2: Strikes out swinging
|
|
Batting: RHB Alfredo Mendez
|
0-0: Ball 1-0: Swinging Strike 1-1: Foul Ball, location: 2F 1-2: Foul Ball, location: 2F 1-2: Strikes out looking
|
| Bottom of the 5th over - 0 runs, 0 hits, 0 errors, 0 left on base; Detroit 4 - Niagara Falls 0 |
| TOP OF THE 6TH |
|
Detroit Red Wings batting - Pitching for Niagara Falls Phantoms : RHP Javy Gonzalez
|
|
Pitching: RHP Gene Buxton
|
|
|
Batting: RHB Mark Massey
|
0-0: Ball 1-0: Fly out, F8 (Line Drive, 78M, EV 94.4 MPH)
|
|
Batting: LHB Manny Rangel
|
0-0: Ball 1-0: Ball 2-0: Ground out 1-3 (Groundball, 15S, EV 66.2 MPH)
|
|
Batting: LHB Duda Pinho
|
0-0: Ball 1-0: Ball 2-0: Ground out 6-3 (Groundball, 6M, EV 86.2 MPH)
|
| Top of the 6th over - 0 runs, 0 hits, 0 errors, 0 left on base; Detroit 4 - Niagara Falls 0 |
| BOTTOM OF THE 6TH |
|
Niagara Falls Phantoms batting - Pitching for Detroit Red Wings : LHP Ricky Herrera
|
|
Batting: LHB Pete Cook
|
0-0: Ground out 4-3 (Groundball, 4, EV 83.1 MPH)
|
|
Batting: RHB Peter Frankel
|
0-0: Ground out 6-3 (Groundball, 56, EV 106.9 MPH)
|
|
Batting: RHB Chris Horton
|
0-0: Called Strike 0-1: Ball 1-1: Ball 2-1: SOLO HOME RUN (Flyball, 78XD, EV 103.8 MPH), Distance : 402 ft
|
|
Batting: SHB Bruce Shelton
|
0-0: Foul Ball, location: 2F 0-1: Called Strike 0-2: Ball 1-2: Ground out 2-3 (Groundball, 13S, EV 69.4 MPH)
|
| Bottom of the 6th over - 1 run, 1 hit, 0 errors, 0 left on base; Detroit 4 - Niagara Falls 1 |
| TOP OF THE 7TH |
|
Detroit Red Wings batting - Pitching for Niagara Falls Phantoms : RHP Gene Buxton
|
|
Batting: RHB Felipe Torres
|
0-0: Called Strike 0-1: Called Strike 0-2: Foul Ball, location: 2F 0-2: Ball 1-2: Ground out 5-3 (Groundball, 56, EV 87.5 MPH)
|
|
Batting: RHB António Scarlett
|
0-0: Reached on error, E6 (Groundball, 6, EV 105.0 MPH)
|
|
Batting: SHB Bill Casal
|
0-0: Ball António Scarlett steals 2nd base 1-0: Intentional Walk
|
|
Batting: RHB Harry Tugnut
|
0-0: Ball 1-0: Ball 2-0: Called Strike 2-1: Swinging Strike 2-2: Ball 3-2: Strikes out swinging
|
|
Batting: RHB Carlos Avila
|
0-0: Swinging Strike 0-1: Swinging Strike 0-2: Ground out 4-3 (Groundball, 4, EV 83.1 MPH)
|
| Top of the 7th over - 0 runs, 0 hits, 1 error, 2 left on base; Detroit 4 - Niagara Falls 1 |
| BOTTOM OF THE 7TH |
|
Niagara Falls Phantoms batting - Pitching for Detroit Red Wings : LHP Ricky Herrera
|
|
Pinch Hitting: RHB Ben Underwood
|
0-0: Called Strike 0-1: Swinging Strike 0-2: Ball 1-2: Foul Ball, location: 2F 1-2: Strikes out swinging
|
|
Pinch Hitting: RHB Todd Wolters
|
0-0: Ball 1-0: Foul Ball, location: 2F 1-1: Foul Ball, location: 2F 1-2: Strikes out swinging
|
|
Batting: RHB Randy Joyce
|
0-0: Ball 1-0: Foul Ball, location: 2F 1-1: Fly out, F8 (Flyball, 8LXD, EV 92.5 MPH)
|
| Bottom of the 7th over - 0 runs, 0 hits, 0 errors, 0 left on base; Detroit 4 - Niagara Falls 1 |
| TOP OF THE 8TH |
|
Detroit Red Wings batting - Pitching for Niagara Falls Phantoms : RHP Gene Buxton
|
|
Now at 3B: Todd Wolters
|
|
|
Now in LF: Hui Li
|
|
|
Batting: RHB Jason LeBlanc
|
0-0: Ball 1-0: Called Strike 1-1: Fly out, F6 (Line Drive, 6, EV 70.0 MPH)
|
|
Batting: RHB Mark Massey
|
0-0: Ball 1-0: Ground out 1-3 (Groundball, 15S, EV 66.2 MPH)
|
|
Batting: LHB Manny Rangel
|
0-0: Foul Ball, location: 2F 0-1: Foul Ball, location: 2F 0-2: Foul Ball, location: 2F 0-2: Strikes out swinging
|
| Top of the 8th over - 0 runs, 0 hits, 0 errors, 0 left on base; Detroit 4 - Niagara Falls 1 |
| BOTTOM OF THE 8TH |
|
Niagara Falls Phantoms batting - Pitching for Detroit Red Wings : LHP Ricky Herrera
|
|
Batting: LHB Luis Ponce
|
0-0: Foul Ball, location: 2F 0-1: Foul Ball, location: 2F 0-2: Strikes out swinging
|
|
Batting: RHB Alfredo Mendez
|
0-0: Called Strike 0-1: Fly out, F9 (Flyball, 9D, EV 103.1 MPH)
|
|
Pinch Hitting: RHB Ryan Book
|
0-0: Called Strike 0-1: Foul Ball, location: 2F 0-2: Strikes out swinging
|
| Bottom of the 8th over - 0 runs, 0 hits, 0 errors, 0 left on base; Detroit 4 - Niagara Falls 1 |
| TOP OF THE 9TH |
|
Detroit Red Wings batting - Pitching for Niagara Falls Phantoms : RHP Gene Buxton
|
|
Now in RF: Tatsuro Hamasaki
|
|
|
Batting: LHB Duda Pinho
|
0-0: Called Strike 0-1: Swinging Strike 0-2: Ball 1-2: Foul Ball, location: 2F 1-2: Fly out, F9 (Flyball, 9, EV 88.8 MPH)
|
|
Batting: RHB Felipe Torres
|
0-0: Foul Ball, location: 2F 0-1: Called Strike 0-2: Ball 1-2: Ball 2-2: Ground out 6-3 (Groundball, 6, EV 88.1 MPH)
|
|
Batting: RHB António Scarlett
|
0-0: Called Strike 0-1: Foul Ball, location: 2F 0-2: Strikes out swinging
|
| Top of the 9th over - 0 runs, 0 hits, 0 errors, 0 left on base; Detroit 4 - Niagara Falls 1 |
| BOTTOM OF THE 9TH |
|
Niagara Falls Phantoms batting - Pitching for Detroit Red Wings : LHP Ricky Herrera
|
|
Pitching: RHP Sean Arnold
|
|
|
Batting: RHB Peter Frankel
|
0-0: Called Strike 0-1: Ball 1-1: Foul Ball, location: 2F 1-2: Ball 2-2: Fly out, F4 (Line Drive, 4, EV 63.1 MPH)
|
|
Batting: RHB Chris Horton
|
0-0: Ball 1-0: Ball 2-0: Swinging Strike 2-1: Ball 3-1: Base on Balls
|
|
Pinch Hitting: RHB Hunter Uttley
|
0-0: Foul Ball, location: 2F 0-1: Fielders Choice at 2nd, 5-4 (Groundball, 56, EV 84.4 MPH)
|
|
Pinch Hitting: RHB Brian Biordi
|
0-0: Ball 1-0: Fly out, F8 (Flyball, 8LM, EV 91.2 MPH)
|
| Bottom of the 9th over - 0 runs, 0 hits, 0 errors, 1 left on base; Detroit 4 - Niagara Falls 1 |
|